 Dungeon Crawl Stone Soup version 0.29-a0-322-g68df515428 (webtiles) character file.

Game seed: 4564130519480043654

231 Gargoyl the Skirmisher (level 6, -1/39 HPs)
             Began as a Gargoyle Abyssal Knight on Apr 9, 2022.
             Was a Priest of Lugonu.
             Slain by a mummy (14 damage)
             ... on level 4 of the Dungeon.
             The game lasted 00:03:37 (3856 turns).

Gargoyl the Skirmisher (Gargoyle Abyssal Knight)    Turns: 3856, Time: 00:03:37

Health: -1/39      AC: 12    Str: 17    XL:     6   Next: 3%
Magic:  7/7        EV: 11    Int: 10    God:    Lugonu [***...]
Gold:   226        SH:  0    Dex: 12    Spells: 5/5 levels left

rFire   . . .      SeeInvis .   a - +1 hand axe
rCold   . . .      Faith    .   (no shield)
rNeg    + . .      Spirit   .   e - +2 ring mail
rPois   ∞          Reflect  .   (no helmet)
rElec   +          Harm     .   (no cloak)
rCorr   +          Rampage  .   (no gloves)
Will    .....                   (no boots)
Stlth   +.........              k - amulet of the acrobat
HPRegen 0.13/turn               f - ring of resist corrosion
MPRegen 0.10/turn               (no ring)

@: no status effects
A: sickness immunity, AC +4, negative energy resistance 1, electricity
resistance, torment resistance 1, petrification resistance
a: Renounce Religion, Depart the Abyss, Bend Space, Banish


You were on level 4 of the Dungeon.
You worshipped Lugonu.
Lugonu was most pleased with you.
You visited 1 branch of the dungeon, and saw 4 of its levels.
You visited the Abyss 1 time.

You collected 226 gold pieces.

Inventory:

Hand Weapons
 a - a +1 hand axe (weapon)
Missiles
 m - 10 poisoned darts (quivered)
Armour
 e - a +2 ring mail (worn)
Jewellery
 f - a ring of resist corrosion (left hand)
 k - an amulet of the acrobat (around neck)
Scrolls
 b - a scroll of fog
 h - a scroll of holy word
 i - a scroll of immolation {unknown}
Potions
 c - 3 potions of lignification
 d - 4 potions of curing {unknown}
 g - a potion of flight {unknown}
 j - 4 potions of mutation {unknown}
 l - a potion of invisibility {unknown}
 n - a potion of ambrosia {unknown}
 o - a potion of magic {unknown}
 p - a potion of might {unknown}


   Skills:
 + Level 4.7 Fighting
 + Level 3.5 Axes
 + Level 3.6 Armour
 + Level 1.4 Dodging
 + Level 0.2 Stealth
 + Level 2.3 Invocations


You had 5 spell levels left.
You didn't know any spells.
Your spell library contained the following spells:

 Spells                   Type           Power      Damage    Failure   Level
 Sandblast                Erth           0%         2d4       56%         1
 Passwall                 Tmut/Erth      0%         N/A       71%         2
 Stone Arrow              Conj/Erth      0%         3d7       90%         3


Dungeon Overview and Level Annotations

Branches:
Dungeon (4/15)
 Temple: D:4-7

Altars:

Annotations:
D:4 1 runed translucent door, leebro123's ghost, amateur DsBe


Innate Abilities, Weirdness & Mutations

You are immune to sickness and miasma.
Your stone body is resilient. (AC +4)
You are immune to poison.
You resist negative energy. (rN+)
You are resistant to electric shocks. (rElec)
You are resistant to unholy torment.
You are immune to petrification.


Message History

Unknown command.
You hit the orc zombie.
You destroy the orc zombie!
Lugonu accepts your kill.
You hit the hobgoblin zombie. The hobgoblin zombie barely misses you.
Unknown command.
The hobgoblin zombie misses you. The hobgoblin zombie misses you.
You hit the hobgoblin zombie.
The hobgoblin zombie is heavily damaged.
You hit the hobgoblin zombie.
The hobgoblin zombie is severely damaged.
The hobgoblin zombie barely misses you.
You hit the hobgoblin zombie.
You destroy the hobgoblin zombie!
Lugonu accepts your kill.
A mummy comes into view.
A mummy is nearby!
A mummy is nearby!
A mummy is nearby!
You hit the mummy.
The mummy is lightly damaged.
The mummy hits you!
You hit the mummy but do no damage.
The mummy is lightly damaged.
The mummy hits you.
You hit the mummy but do no damage.
The mummy is lightly damaged.
You barely miss the mummy.
The mummy is lightly damaged.
The mummy hits you.
You hit the mummy.
The mummy is moderately damaged.
The mummy hits you!
You completely miss the mummy.
The mummy is moderately damaged.
You hit the mummy but do no damage.
The mummy is moderately damaged.
The mummy hits you!
You die...

######
#########....#
#...........##
#.##..##...##
#....#..##
#...@#..#
####M#..#
..#..#
#.######.##
#........###
####.###...####
#...#.......#
#.......###
#..#.####


You could see a mummy.

Vanquished Creatures
  A hound (D:3)
  An iguana (D:4)
  Terence (D:2)
  7 adders
  A white imp (D:3)
  5 dart slugs
  3 orcs (D:4)
  9 bats
  3 endoplasms
  5 giant cockroaches
  2 goblins
  5 hobgoblins (D:1)
  5 kobolds
  6 quokkas
  4 ball pythons
  A frilled lizard (D:1)
  A hobgoblin zombie (D:4)
  3 orc zombies (D:4)
  8 rats
71 creatures vanquished.

Notes
Turn   | Place    | Note
-------+----------+-------------------------------------------
     0 | Abyss:1  | Gargoyl the Gargoyle Abyssal Knight began the quest for the
                  | Orb.
     0 | Abyss:1  | Reached XP level 1. HP: 14/14 MP: 2/2
     0 | D:1      | Escaped the Abyss
    98 | D:1      | Reached ** piety under Lugonu
   240 | D:1      | Reached XP level 2. HP: 19/19 MP: 3/3
   510 | D:1      | Reached XP level 3. HP: 24/24 MP: 4/4
   550 | D:1      | Found a faded altar of an unknown god.
   773 | D:1      | Reached skill level 4 in Fighting
   894 | D:1      | Reached skill level 1 in Dodging
  1242 | D:2      | Noticed Terence
  1255 | D:2      | Killed Terence
  1256 | D:2      | Reached XP level 4. HP: 20/29 MP: 5/5
  2419 | D:3      | Reached XP level 5. HP: 34/34 MP: 6/6
  3050 | D:4      | Found Honires's Book Shop.
  3404 | D:4      | Reached *** piety under Lugonu
  3409 | D:4      | Reached XP level 6. HP: 34/39 MP: 7/7
  3559 | D:4      | Noticed leebro123's ghost (amateur DsBe)
  3562 | D:4      | Found a runed translucent door.
  3856 | D:4      | Slain by a mummy

Illustrated notes

Levels and vault maps discovered:
D:1:      lordsloth_arrival_two_stooges, layout_basic,
          nicolae_ecumenical_lake_church, corexii_leaking_fountain,
          kennysheep_crisscross, serial_bayou_pond_d
D:2:      layout_rooms, hangedman_abyss_or_decor_lesser_grid, uniq_terence
D:3:      layout_basic
D:4:      layout_cave_pods, grunt_temple_overflow_bloody_war,
          hellmonk_ghost_happy_afterlife, serial_shops, shop,
          minmay_mini_ossuary

Skill      XL: |  1  2  3  4  5 |
---------------+----------------+-----
Axes           | 2 3 |  3.5
Fighting       | 4 |  4.7
Dodging        | 1 |  1.4
Armour         | 3 |  3.6
Stealth        | |  0.2
Invocations    | |  2.3

Action                   |  1- 3 |  4- 6 || total
-------------------------+-------+-------++-------
Melee: Hand axe          |    76 |   172 ||   248
       Punch             |     2 |     2 ||     4
Invok: Depart the Abyss  |     1 |       ||     1
  Use: Scroll            |     1 |    11 ||    12
Armor: Leather armour    |    17 |       ||    17
       Ring mail         |    29 |   103 ||   132
Dodge: Dodged            |    58 |   126 ||   184

Table legend: (Time is in decaauts)
 A = Elapsed time spent in this place.
 B = Non-inter-level travel time spent in this place.
 C = Inter-level travel time spent in this place.
 D = Time resting spent in this place.
 E = Time spent auto-exploring this place.
 F = Levels seen in this place.
 G = Mean time per level.
                   A        B        C        D        E       F      G
               +--------+--------+--------+--------+--------+-----+--------+
         Total |   3894 |   3817 |     77 |      0 |   3097 |   5 |  778.8 |
       Dungeon |   3894 |   3817 |     77 |      0 |   3097 |   4 |  973.5 |
         Abyss |      0 |      0 |      0 |      0 |      0 |   1 |    0.0 |
               +--------+--------+--------+--------+--------+-----+--------+

Top non-repeatable levels by time:
     D:3: 1213 daAuts
     D:1: 1031 daAuts
     D:2: 834 daAuts
     D:4: 815 daAuts
